 Dungeon Crawl Stone Soup version 0.31.0-9-g3a7656b989 (webtiles) character file.

Game seed: 786358527725506803

8719 qw the Markself (level 11, -5/67 HPs)
             Began as a Deep Elf Hunter on Feb 2, 2024.
             Was a Priest of Okawaru.
             Slain by a cane toad (8 damage)
             ... on level 1 of the Lair of Beasts.
             The game lasted 00:01:01 (8148 turns).

qw the Markself (Deep Elf Hunter)                   Turns: 8148, Time: 00:01:01

Health: -5/67      AC:  7    Str: 12    XL:     11   Next: 13%
Magic:  16/16      EV: 23    Int: 15    God:    Okawaru [***...]
Gold:   776        SH:  0    Dex: 18    Spells: 10/10 levels left

rFire   + . .        d - +3 orcbow (drain)
rCold   . . .        (shield currently unavailable)
rNeg    . . .        n - +2 leather armour {rF+}
rPois   .            (no helmet)
rElec   .            (no cloak)
rCorr   .            (no gloves)
SInv    .            p - +1 pair of boots
Will    +....        b - amulet of the acrobat
Stlth   ++           j - +5 ring of evasion
HPRegen 0.31/turn    (no ring)
MPRegen 0.15/turn

%: acrobat
@: lethally poisoned (-5 -> -15), about to teleport
A: no striking features
a: Renounce Religion, Heroism


You were on level 1 of the Lair of Beasts.
You worshipped Okawaru.
Okawaru was most pleased with you.
You visited 3 branches of the dungeon, and saw 10 of its levels.
You also visited: Ossuary.

You collected 860 gold pieces.
You spent 84 gold pieces at shops.


   Skills:
 - Level 7.0 Fighting
 - Level 16.0 Ranged Weapons
 - Level 2.2 Armour
 + Level 10.3 Dodging
 - Level 1.2 Stealth
 - Level 4.1 Invocations


You had 10 spell levels left.
You didn't know any spells.
Your spell library was empty.

Inventory:

Hand Weapons
 d - a +3 orcbow of draining (weapon)
Armour
 f - a +0 ring mail
 n - a +2 leather armour of fire resistance (worn)
 p - a +1 pair of boots (worn)
Jewellery
 a - a ring of fire
 b - an amulet of the acrobat (around neck)
 h - an amulet of guardian spirit
 j - a +5 ring of evasion (left hand)
Wands
 c - a wand of iceblast (9)
 i - a wand of mindburst (5)
Scrolls
 e - a scroll of identify
 m - a scroll of teleportation
Potions
 g - a potion of resistance
 k - a potion of might
 l - 7 potions of curing
 o - a potion of enlightenment

Dungeon Overview and Level Annotations

Branches:
Dungeon (8/15)             Temple (1/1) D:5            Lair (1/5) D:8
Ossuary (visited)

Altars:
Ashenzari
Cheibriados
Dithmenos
Elyvilon
Fedhas
Hepliaklqana
Makhleb
Nemelex Xobeh
Okawaru
Qazlal
Ru
Sif Muna
Trog
Uskayaw
Wu Jian
Xom
Yredelemnul
Zin
The Shining One

Shops:
D:1 *!:[   D:2 **=!(

Annotations:
D:7 2 transporters


Message History

The elephant tramples you but does no damage.
The elephant misses you. The cane toad stings you!!
You shoot an arrow. The arrow hits the elephant.
You drain the elephant.
The elephant is heavily wounded.
You feel sick.
You shoot an arrow. The arrow hits the elephant!
The elephant is severely wounded.
You feel sick.
The elephant seems less drained.
The cane toad stings you! The elephant closely misses you.
The elephant misses you.
You shoot an arrow. The arrow hits the elephant!
The elephant is severely wounded.
You feel sick. The cane toad closely misses you. The elephant misses you.
The elephant closely misses you.
You shoot an arrow. The arrow hits the elephant!
The elephant is almost dead.
The cane toad closely misses you. The elephant closely misses you.
The elephant completely misses you.
You shoot an arrow. The arrow hits the elephant!
You drain the elephant.
You kill the elephant!
Okawaru accepts your kill.
You feel sick.
The cane toad stings you but does no damage.
Your base Fighting skill increases to level 7!
You shoot an arrow. The arrow hits the cane toad.
You drain the cane toad.
The cane toad is lightly wounded.
You feel sick. The cane toad stings you.
You are more poisoned.
The cane toad poisons you!
You shoot an arrow. The arrow hits the elephant.
The elephant is heavily wounded.
You feel like a meek peon again.
You feel very sick. The cane toad stings you! The elephant barely misses you.
The elephant completely misses you.
8148 ||| READING 2 scrolls of teleportation.
As you read the scroll of teleportation, it crumbles to dust.
You feel strangely unstable.
You feel very sick. The cane toad stings you!
You die...

#+ .. #. +.# ##.##
...# #...# 8...#
#..### . .....#
#@F.# ##..
Y..8..#Y##.######..
......S##Y.........
8.Y...........+.##
.........#.....#
......8...#..<##
8..##......#P## ...
#.....#### .
#.....#


You could see an elephant, a cane toad (drained) and a water moccasin.

Vanquished Creatures
  4 elephants (Lair:1)
  A cane toad (Lair:1)
  Jeremiah (D:6)
  A rime drake (D:8)
  Prince Ribbit (D:7)
  Eustachio (D:5)
  3 wyverns
  7 yaks
  Duvessa (D:7)
  2 water moccasins
  7 ice beasts
  An orc warrior (D:8)
  A sky beast (D:7)
  A black bear (D:6)
  An ogre (D:5)
  2 wolves (D:8)
  4 centaurs
  3 phantoms
  A weeping skull (Ossuary)
  3 elf zombies (Ossuary)
  A kobold brigand (D:4)
  4 necrophages (D:5)
  A gnoll sergeant (D:6)
  3 bullfrogs
  A scorpion (D:5)
  A burial acolyte (Ossuary)
  2 water moccasin zombies (D:5)
  2 wights (D:5)
  Dowan (D:7)
  6 killer bees (D:8)
  A human zombie (D:5)
  2 orc priests (D:5)
  A bombardier beetle (D:7)
  5 hounds
  2 gnoll boudas (D:7)
  10 orc wizards
  2 sleepcaps
  6 iguanas
  5 mummies
  18 gnolls
  7 adders
  3 dart slugs
  23 orcs
  2 endoplasms
  3 giant cockroaches
  A gnoll zombie (Ossuary)
  10 goblins
  9 hobgoblins
  3 jackals (D:3)
  4 quokkas
  6 ball pythons
  11 bats
  2 frilled lizards
  11 kobolds
  An orc zombie (Ossuary)
  12 rats
228 creatures vanquished.

Vanquished Creatures (others)
  An iguana (D:3)
  An adder (D:3)
2 creatures vanquished.

Grand Total: 230 creatures vanquished

Notes
Turn   | Place    | Note
-------+----------+-------------------------------------------
     0 | D:1      | qw the Deep Elf Hunter began the quest for the Orb.
     0 | D:1      | Reached XP level 1. HP: 12/12 MP: 3/3
     0 | D:1      | 0 ||| qw: Version: 0.3-a-155-g5e7d8dd
     0 | D:1      | 0 ||| qw: Game counter: 1087
     0 | D:1      | 0 ||| qw: Melee chars always use a shield: true
     0 | D:1      | 0 ||| qw: God list: Okawaru
     0 | D:1      | 0 ||| qw: Allow faded altars: false
     0 | D:1      | 0 ||| qw: Do Orc after clearing Dungeon:15 true
     0 | D:1      | 0 ||| qw: Do second Lair branch before Depths: true
     0 | D:1      | 0 ||| qw: Lair rune preference: random
     0 | D:1      | 0 ||| qw: Goals: Normal
     0 | D:1      | 0 ||| PLANNING D:1-11
    66 | D:1      | Found Iklosir's Distillery.
    74 | D:1      | 74 ||| SHOPLISTING potion of cancellation (96 gold, have
                  | 0).
    74 | D:1      | 74 ||| SHOPLISTING potion of curing (36 gold, have 0).
    74 | D:1      | 74 ||| SHOPLISTING potion of haste (120 gold, have 0).
    74 | D:1      | 74 ||| SHOPLISTING potion of heal wounds (60 gold, have 0).
    74 | D:1      | 74 ||| SHOPLISTING potion of might (48 gold, have 0).
    88 | D:1      | Found Jisogu's Antique Armour Emporium.
    96 | D:1      | 96 ||| SHOPLISTING dyed leather armour (80 gold, have 0).
    96 | D:1      | 96 ||| SHOPLISTING helmet (72 gold, have 0).
    96 | D:1      | 96 ||| SHOPLISTING pair of gloves (72 gold, have 0).
    96 | D:1      | 96 ||| SHOPLISTING ring mail (64 gold, have 0).
    96 | D:1      | 96 ||| SHOPLISTING runed ring mail (112 gold, have 0).
    96 | D:1      | 96 ||| SHOPLISTING scale mail (64 gold, have 0).
   157 | D:1      | Reached skill level 6 in Ranged Weapons
   157 | D:1      | Reached XP level 2. HP: 16/16 MP: 4/4
   225 | D:1      | Found Aguciz's Book Boutique.
   604 | D:1      | Found Zuimeg's Assorted Antiques.
   608 | D:1      | 608 ||| SHOPLISTING glass ring (110 gold, have 48).
   608 | D:1      | 608 ||| SHOPLISTING helmet (99 gold, have 48).
   608 | D:1      | 608 ||| BUYING scroll labelled CERIWA UX JOCW (22 gold).
   608 | D:1      | Bought a scroll labelled CERIWA UX JOCW for 22 gold pieces
   608 | D:1      | 608 ||| BUYING scroll labelled ZERAETOSAXI (22 gold).
   608 | D:1      | Bought a scroll labelled ZERAETOSAXI for 22 gold pieces
   608 | D:1      | 608 ||| SHOPLISTING scroll labelled ZERAETOSAXI (22 gold,
                  | have 4).
   888 | D:1      | 888 ||| UPGRADING to +0 ring mail.
   898 | D:1      | 898 ||| DROPPING +0 leather armour.
   899 | D:1      | 899 ||| UPGRADING to +0 pair of boots.
   904 | D:1      | 904 ||| UPGRADING to amulet of guardian spirit.
   909 | D:1      | 909 ||| DROPPING ring of flight.
   910 | D:1      | 910 ||| READING scroll labelled YZAC DUZYMEAMO.
   911 | D:1      | 911 ||| READING 2 scrolls labelled GOJUBY HOBOI.
   912 | D:1      | 912 ||| READING scroll labelled WOLUINL MISM.
   913 | D:1      | 913 ||| READING scroll labelled CERIWA UX JOCW.
   913 | D:1      | 913 ||| ENCHANTING +0 pair of boots.
   914 | D:1      | 914 ||| READING scroll labelled ZERAETOSAXI.
   914 | D:1      | 914 ||| BRANDING +0 shortbow.
   915 | D:1      | 915 ||| DRINKING 2 inky potions.
   916 | D:1      | 916 ||| DRINKING 3 fuming red potions.
   917 | D:1      | 917 ||| DRINKING 2 murky blue potions.
   918 | D:1      | 918 ||| DROPPING scroll of butterflies.
   919 | D:1      | 919 ||| DROPPING scroll of amnesia.
   967 | D:2      | Reached XP level 3. HP: 20/20 MP: 5/5
  1051 | D:2      | Reached skill level 7 in Ranged Weapons
  1137 | D:2      | Found Fiogir's Jewellery Shop.
  1144 | D:2      | 1144 ||| SHOPLISTING +4 ring of protection (504 gold, have
                  | 4).
  1144 | D:2      | 1144 ||| SHOPLISTING +5 ring of evasion (504 gold, have 4).
  1144 | D:2      | 1144 ||| SHOPLISTING ring of Curiosity {*Slow rPois Int+4
                  | Slay+4 Stlth+} (1327 gold, have 4).
  1144 | D:2      | 1144 ||| SHOPLISTING ring of fire (350 gold, have 4).
  1144 | D:2      | 1144 ||| SHOPLISTING ring of ice (350 gold, have 4).
  1144 | D:2      | 1144 ||| SHOPLISTING ring of positive energy (280 gold,
                  | have 4).
  1233 | D:2      | Found the +7 captain's cutlass {speed, disarm}
  1247 | D:2      | Found Hegysutz's Assorted Antiques.
  1256 | D:2      | 1256 ||| BUYING fuming puce potion (20 gold).
  1256 | D:2      | Bought a fuming puce potion for 20 gold pieces
  1256 | D:2      | 1256 ||| BUYING fuming purple potion (20 gold).
  1256 | D:2      | Bought a fuming purple potion for 20 gold pieces
  1274 | D:2      | Reached XP level 4. HP: 25/25 MP: 6/6
  1279 | D:2      | Found Borhonine's Distillery.
  1282 | D:2      | 1282 ||| SHOPLISTING potion of curing (39 gold, have 16).
  1282 | D:2      | 1282 ||| SHOPLISTING potion of heal wounds (65 gold, have
                  | 16).
  1291 | D:2      | Found Zuicah's Weapon Emporium.
  1324 | D:2      | Found Gunuleav's Assorted Antiques.
  1332 | D:2      | 1332 ||| SHOPLISTING copper wand (92 gold, have 16).
  1332 | D:2      | 1332 ||| SHOPLISTING potion of curing (69 gold, have 16).
  1332 | D:2      | 1332 ||| SHOPLISTING scroll labelled YFOIRAETWE (23 gold,
                  | have 16).
  1826 | D:2      | 1826 ||| READING scroll labelled GYAVVI NEOZAZ.
  1827 | D:2      | 1827 ||| READING scroll labelled KYPIRI REIPS.
  1828 | D:2      | 1828 ||| READING scroll labelled IXYCRO ETWARIA.
  1828 | D:2      | 1828 ||| ENCHANTING +0 shortbow of draining.
  1829 | D:2      | 1829 ||| READING scroll labelled FORPHO YFANNOUM.
  1829 | D:2      | 1829 ||| IDENTIFYING fuming purple potion
  1830 | D:2      | 1830 ||| DRINKING 2 fuming puce potions.
  1831 | D:2      | 1831 ||| DROPPING potion of attraction.
  1832 | D:2      | 1832 ||| DROPPING potion of brilliance.
  1897 | D:3      | Found a faded altar of an unknown god.
  2005 | D:3      | Found a shimmering altar of Xom.
  2013 | D:3      | Found a burning altar of Makhleb.
  2017 | D:3      | Reached skill level 8 in Ranged Weapons
  2218 | D:3      | Found a snail-covered altar of Cheibriados.
  2461 | D:3      | 2461 ||| READING scroll of identify.
  2461 | D:3      | 2461 ||| IDENTIFYING murky silvery potion
  2467 | D:3      | 2467 ||| READING scroll labelled YFOIRAETWE.
  2468 | D:3      | 2468 ||| READING scroll labelled JIAROEM XEFA.
  2469 | D:3      | 2469 ||| READING scroll labelled IWEMESETZY.
  2471 | D:3      | 2471 ||| Stepping ~*~*~tactically~*~*~ (cloud).
  2472 | D:3      | 2472 ||| DRINKING 5 potions of curing.
  2472 | D:3      | 2472 ||| (to cure poison)
  2536 | D:4      | Noticed a yak
  2536 | D:4      | Noticed a yak
  2536 | D:4      | Noticed a yak
  2537 | D:4      | 2537 ||| RETREEEEATING.
  2538 | D:4      | 2538 ||| DRINKING potion of haste.
  2548 | D:4      | HP: 6/25 [yak (2)]
  2549 | D:4      | 2549 ||| DRINKING potion of heal wounds.
  2553 | D:4      | Killed a yak
  2554 | D:4      | Reached skill level 9 in Ranged Weapons
  2554 | D:4      | Reached XP level 5. HP: 26/29 MP: 1/7
  2554 | D:4      | Reached XP level 6. HP: 30/34 MP: 1/8
  2561 | D:4      | Killed a yak
  2562 | D:4      | Reached skill level 3 in Fighting
  2564 | D:4      | Killed a yak
  2565 | D:4      | Reached skill level 10 in Ranged Weapons
  2565 | D:4      | Reached XP level 7. HP: 34/41 MP: 1/9
  2726 | D:4      | Reached skill level 3 in Dodging
  2739 | D:4      | Reached skill level 1 in Armour
  3074 | D:4      | 3074 ||| FLEEEEING.
  3075 | D:4      | 3075 ||| FLEEEEING.
  3076 | D:4      | 3076 ||| FLEEEEING.
  3162 | D:4      | 3162 ||| READING scroll of identify.
  3162 | D:4      | 3162 ||| IDENTIFYING blue potion
  3163 | D:4      | 3163 ||| READING scroll labelled AFASI BOMYBBAP.
  3164 | D:4      | 3164 ||| READING scroll labelled XITICHOUSA.
  3265 | D:4      | 3265 ||| READING scroll labelled MAFUN NOMMY.
  3270 | D:4      | 3270 ||| DROPPING potion of degeneration.
  3279 | D:5      | Entered Level 5 of the Dungeon
  3286 | D:5      | Reached skill level 11 in Ranged Weapons
  3579 | D:5      | Found a shimmering blue altar of Sif Muna.
  3631 | D:5      | Reached XP level 8. HP: 46/46 MP: 10/10
  3645 | D:5      | Reached skill level 12 in Ranged Weapons
  3674 | D:5      | 3674 ||| RETREEEEATING.
  4031 | D:5      | Reached skill level 13 in Ranged Weapons
  4032 | D:5      | 4032 ||| FLEEEEING.
  4033 | D:5      | 4033 ||| FLEEEEING.
  4079 | D:5      | Found a staircase to the Ecumenical Temple.
  4080 | D:5      | 4080 ||| PLANNING TEMPLE
  4080 | D:5      | 4080 ||| UPGRADING to +5 ring of evasion.
  4081 | D:5      | 4081 ||| READING scroll of identify.
  4081 | D:5      | 4081 ||| IDENTIFYING yellow potion
  4082 | D:5      | Noticed Eustachio
  4088 | D:5      | 4088 ||| FLEEEEING.
  4119 | D:5      | 4119 ||| RETREEEEATING.
  4120 | D:5      | 4120 ||| RETREEEEATING.
  4121 | D:5      | 4121 ||| RETREEEEATING.
  4122 | D:5      | 4122 ||| RETREEEEATING.
  4146 | D:5      | Killed Eustachio
  4171 | Temple   | Entered the Ecumenical Temple
  4172 | Temple   | 4172 ||| PLANNING D:1-11
  4215 | D:5      | Found a basalt altar of Yredelemnul.
  4226 | D:5      | Reached skill level 14 in Ranged Weapons
  4309 | D:5      | Reached XP level 9. HP: 46/51 MP: 9/11
  4610 | D:5      | 4610 ||| DROPPING wand of flame (13).
  4668 | D:6      | Reached skill level 6 in Dodging
  4676 | D:6      | Identified the +0 leather armour of a bazaar {rN+ Str+2}
  4683 | D:6      | Found a white marble altar of Elyvilon.
  4683 | D:6      | Found an iron altar of Okawaru.
  4684 | D:6      | 4684 ||| PLANNING OKAWARU WORSHIP
  4684 | D:6      | 4684 ||| DROPPING +0 leather armour of a bazaar {rN+
                  | Str+2}.
  4685 | D:6      | Found a stormy altar of Qazlal.
  4696 | D:6      | 4696 ||| RETREEEEATING.
  4697 | D:6      | 4697 ||| RETREEEEATING.
  4698 | D:6      | 4698 ||| RETREEEEATING.
  4699 | D:6      | 4699 ||| RETREEEEATING.
  4700 | D:6      | 4700 ||| RETREEEEATING.
  4701 | D:6      | 4701 ||| RETREEEEATING.
  4702 | D:6      | 4702 ||| RETREEEEATING.
  4703 | D:6      | 4703 ||| RETREEEEATING.
  4704 | D:6      | 4704 ||| RETREEEEATING.
  4705 | D:6      | 4705 ||| RETREEEEATING.
  4706 | D:6      | 4706 ||| RETREEEEATING.
  4707 | D:6      | 4707 ||| RETREEEEATING.
  4709 | D:6      | 4709 ||| RETREEEEATING.
  4712 | D:6      | HP: 13/52 [centaur/arrow (12)]
  4713 | D:6      | 4713 ||| READING scroll of teleportation.
  4876 | D:6      | 4876 ||| PLANNING D:1-11
  5164 | D:6      | 5164 ||| SWAPPING to +3 orcbow.
  5165 | D:6      | 5165 ||| DROPPING +1 shortbow of draining.
  5176 | D:6      | Noticed Jeremiah
  5177 | D:6      | 5177 ||| ZAPPING wand of mindburst (10) at 6,-2 (Jeremiah;
                  | floor).
  5178 | D:6      | 5178 ||| ZAPPING wand of mindburst (9) at 5,-1 (Jeremiah;
                  | floor).
  5182 | D:6      | 5182 ||| ZAPPING wand of mindburst (8) at 3,-1 (Jeremiah;
                  | floor).
  5188 | D:6      | 5188 ||| ZAPPING wand of mindburst (7) at 3,-1 (Jeremiah;
                  | floor).
  5200 | D:6      | 5200 ||| ZAPPING wand of mindburst (6) at 3,-1 (Jeremiah;
                  | floor).
  5200 | D:6      | Killed Jeremiah
  5582 | D:6      | 5582 ||| PLANNING OKAWARU WORSHIP
  5591 | D:6      | Became a worshipper of Warmaster Okawaru
  5592 | D:6      | 5592 ||| PLANNING D:1-11
  5592 | D:6      | 5592 ||| REMOVING amulet of guardian spirit.
  5625 | D:6      | 5625 ||| UPGRADING to amulet of the acrobat.
  5642 | D:7      | 5642 ||| PLANNING OSSUARY
  5645 | D:7      | Reached skill level 15 in Ranged Weapons
  5669 | D:7      | Found a sand-covered staircase.
  5675 | Ossuary  | Entered an ossuary
  5675 | Ossuary  | Found a huge runed translucent gate.
  5675 | Ossuary  | Found a huge runed translucent gate.
  5675 | Ossuary  | Found a huge runed translucent gate.
  5675 | Ossuary  | Found a huge runed translucent gate.
  5675 | Ossuary  | Found a huge runed translucent gate.
  5675 | Ossuary  | Found a huge runed translucent gate.
  5675 | Ossuary  | Found a huge runed translucent gate.
  5675 | Ossuary  | Found a huge runed translucent gate.
  5676 | Ossuary  | Found a huge runed translucent gate.
  5676 | Ossuary  | Found a huge runed translucent gate.
  5676 | Ossuary  | Found a huge runed translucent gate.
  5677 | Ossuary  | Found a huge runed translucent gate.
  5677 | Ossuary  | Found a huge runed translucent gate.
  5679 | Ossuary  | Found a huge runed translucent gate.
  5679 | Ossuary  | Found a huge runed translucent gate.
  5707 | Ossuary  | Found a huge runed translucent gate.
  5707 | Ossuary  | Found a huge runed translucent gate.
  5707 | Ossuary  | Found a huge runed translucent gate.
  5707 | Ossuary  | Found a huge runed translucent gate.
  5707 | Ossuary  | Found a huge runed translucent gate.
  5708 | Ossuary  | Found a huge runed translucent gate.
  5708 | Ossuary  | Found a huge runed translucent gate.
  5710 | Ossuary  | Found a huge runed translucent gate.
  5710 | Ossuary  | Found a huge runed translucent gate.
  5711 | Ossuary  | Found a huge runed translucent gate.
  5711 | Ossuary  | Found a huge runed translucent gate.
  5712 | Ossuary  | Found a huge runed translucent gate.
  5712 | Ossuary  | Found a huge runed translucent gate.
  5717 | Ossuary  | Found a huge runed translucent gate.
  5717 | Ossuary  | Found a huge runed translucent gate.
  5736 | Ossuary  | Found a huge runed translucent gate.
  5736 | Ossuary  | Found a huge runed translucent gate.
  5736 | Ossuary  | Found a huge runed translucent gate.
  5736 | Ossuary  | Found a huge runed translucent gate.
  5736 | Ossuary  | Found a huge runed translucent gate.
  5765 | Ossuary  | Reached XP level 10. HP: 50/59 MP: 12/12
  5817 | Ossuary  | 5817 ||| READING scroll of brand weapon.
  5817 | Ossuary  | 5817 ||| BRANDING +3 orcbow.
  5847 | Ossuary  | 5847 ||| READING scroll labelled JIOVEN ZIEKUO.
  5954 | D:7      | 5954 ||| PLANNING D:1-11
  6011 | D:7      | Noticed Prince Ribbit
  6025 | D:7      | Killed Prince Ribbit
  6187 | D:7      | Reached skill level 16 in Ranged Weapons
  6189 | D:7      | Reached * piety under Okawaru
  6318 | D:7      | You fall into a shaft and drop 1 floor!
  6428 | D:7      | Found a transporter.
  6464 | D:7      | Identified the ring "Hekuhog" {rPois Will+ Str-3 Int+8
                  | Dex-4}
  6470 | D:7      | Noticed Dowan
  6474 | D:7      | Killed Dowan
  6475 | D:7      | Reached skill level 1 in Invocations
  6506 | D:7      | Noticed Duvessa
  6509 | D:7      | 6509 ||| INVOKING Heroism.
  6520 | D:7      | Killed Duvessa
  6538 | D:7      | Found a transporter.
  6631 | D:7      | 6631 ||| UPGRADING to +2 leather armour of fire resistance.
  6705 | D:8      | Reached skill level 3 in Invocations
  6904 | D:8      | Found a staircase to the Lair.
  7003 | D:8      | 7003 ||| RETREEEEATING.
  7006 | D:8      | 7006 ||| RETREEEEATING.
  7010 | D:8      | Reached skill level 9 in Dodging
  7012 | D:8      | 7012 ||| RETREEEEATING.
  7013 | D:8      | 7013 ||| RETREEEEATING.
  7014 | D:8      | 7014 ||| RETREEEEATING.
  7015 | D:8      | 7015 ||| RETREEEEATING.
  7021 | D:8      | Reached ** piety under Okawaru
  7257 | D:8      | Reached skill level 6 in Fighting
  8054 | D:8      | 8054 ||| PLANNING LAIR
  8054 | D:8      | 8054 ||| READING 2 scrolls of identify.
  8054 | D:8      | 8054 ||| IDENTIFYING murky coppery potion
  8086 | Lair:1   | Entered Level 1 of the Lair of Beasts
  8094 | Lair:1   | Noticed an elephant
  8095 | Lair:1   | 8095 ||| INVOKING Heroism.
  8095 | Lair:1   | Noticed an elephant
  8095 | Lair:1   | Noticed an elephant
  8096 | Lair:1   | 8096 ||| RETREEEEATING.
  8097 | Lair:1   | 8097 ||| RETREEEEATING.
  8104 | Lair:1   | Noticed an elephant
  8105 | Lair:1   | 8105 ||| RETREEEEATING.
  8106 | Lair:1   | 8106 ||| RETREEEEATING.
  8106 | Lair:1   | Noticed an elephant
  8107 | Lair:1   | 8107 ||| RETREEEEATING.
  8110 | Lair:1   | Noticed a cane toad
  8116 | Lair:1   | Killed an elephant
  8117 | Lair:1   | 8117 ||| INVOKING Heroism.
  8126 | Lair:1   | Killed a cane toad
  8127 | Lair:1   | Noticed a cane toad
  8128 | Lair:1   | Killed an elephant
  8129 | Lair:1   | Reached XP level 11. HP: 60/66 MP: 14/16
  8145 | Lair:1   | Reached *** piety under Okawaru
  8147 | Lair:1   | HP: 14/67 [poisoned by a cane toad]
  8147 | Lair:1   | HP: 6/67 [cane toad (8)]
  8148 | Lair:1   | 8148 ||| READING 2 scrolls of teleportation.
  8148 | Lair:1   | Slain by a cane toad

Levels and vault maps discovered:
D:1:      tarquinn_simple_flora_water_b, layout_loops_corners, serial_shops,
          nicolae_square_shop, shop, shop, shop
D:2:      minmay_recursive_quarters, layout_loops_ring, serial_shops, shop,
          nicolae_shop_tiny_real_fake_doors, nicolae_shop_dealshenge,
          nicolae_shop_crystal, nicolae_shop_behind_doors
D:3:      layout_rooms, bloody_makhleb, xom_confusion_cloud,
          mainiacjoe_overflow_24_doors, ebering_ecumenical_altar_petrified
D:4:      layout_basic
D:5:      minmay_skewed_foursquare, layout_loops_ring,
          lemuel_mausoleum_altar_yredelemnul, led_sif_book,
          minmay_temple_entry_antechambers, uniq_eustachio
D:6:      layout_gridville, chequers_temple_overflow_statue_of_worship,
          uniq_jeremiah
D:7:      layout_loops_ring, nicolae_ossuary_entry_ruins,
          gammafunk_ghost_gnarly_gnolls, uniq_duvessa, uniq_prince_ribbit1
D:8:      layout_layer_cave, hellmonk_lair_entry_icy, kennysheep_small_square
Temple:   minmay_temple_curvy_loop
Lair:1:   layout_roguey, gammafunk_ghost_necromancy, grunt_megastairs_3

Skill      XL: |  1  2  3  4  5  6  7  8  9 10 11 |
---------------+----------------------------------+-----
Ranged Weapons | 6 7 9 10 11 14 15 16 | 16.0
Fighting       | 3 5 6 7 |  7.0
Dodging        | 3 5 7 10 | 10.3
Armour         | 1 2 |  2.2
Invocations    | 4 |  4.1
Stealth        | |  1.2

Action                     |  1- 3 |  4- 6 |  7- 9 | 10-12 || total
---------------------------+-------+-------+-------+-------++-------
   Fire: Shortbow          |   129 |    92 |   461 |       ||   682
         Orcbow            |       |       |    65 |   254 ||   319
 Invoke: Heroism           |       |       |       |     3 ||     3
  Evoke: Wand              |       |       |     5 |       ||     5
    Use: Scroll            |     5 |     8 |     6 |     4 ||    23
         Potion            |     3 |     4 |       |       ||     7
 Armour: Leather armour    |    10 |       |       |    41 ||    51
         Ring mail         |    31 |    15 |   137 |    11 ||   194
  Dodge: Dodged            |    48 |    14 |   169 |   125 ||   356

Table legend:
 A = Non-vault XP
 B = Vault XP
 C = Vault XP percentage of total XP
 D = Non-vault monster count
 E = Vault monster count
 F = Vault count percentage of total count
                 A         B        C        D         E       F
            +---------+---------+-------+---------+---------+-------
      Total |    7732 |    4725 |  37.9 |     169 |      61 |  26.5
            +---------+---------+-------+---------+---------+-------
        D:1 |      39 |       0 |   0.0 |      21 |       0 |   0.0
        D:2 |      65 |       5 |   7.1 |      25 |       3 |  10.7
        D:3 |      34 |      39 |  53.4 |      15 |      12 |  44.4
        D:4 |     929 |       0 |   0.0 |      21 |       0 |   0.0
        D:5 |     880 |    1224 |  58.2 |      21 |      21 |  50.0
        D:6 |    1329 |     400 |  23.1 |      22 |       1 |   4.3
        D:7 |     847 |     473 |  35.8 |      19 |       3 |  13.6
        D:8 |    1621 |    1662 |  50.6 |      21 |      11 |  34.4
     Lair:1 |    1988 |     411 |  17.1 |       4 |       1 |  20.0
    Ossuary |       0 |     511 | 100.0 |       0 |       9 | 100.0
            +---------+---------+-------+---------+---------+-------
